 Dungeon Crawl Stone Soup version 0.18-a0-1800-gdc7a371 (webtiles) character file.

424091 Kenran the Impregnable (level 23, -1/160 HPs)
             Began as a Gargoyle Gladiator on Apr 24, 2016.
             Was the Champion of Okawaru.
             Slain by a deep troll earth mage (6 damage)
             ... on level 3 of the Depths.
             The game lasted 07:43:08 (72488 turns).

Kenran the Impregnable (Gargoyle Gladiator)        Turns: 72488, Time: 07:43:09

Health: -1/160     AC: 50    Str: 29      XL:     23   Next: 77%
Magic:  34/34      EV: 20    Int: 11 (13) God:    Okawaru [******]
Gold:   2879       SH:  0    Dex: 18      Spells: 0 memorised, 22 levels left

rFire  + + .     SeeInvis .     P - +11 lajatang of Gafyxex {freeze, Dex+2}
rCold  . . .     Gourm    .     j - +2 plate armour {rF+}
rNeg   + + .     Faith    +     (shield currently unavailable)
rPois  ∞         Spirit   .     s - +2 helmet {Int+3}
rElec  +         Dismiss  .     W - +2 cloak {MR+}
rCorr  .         Reflect  .     p - +2 pair of gloves {Str+3}
SustAt .         Harm     .     (no boots)
MR     ++...                    q - amulet of faith
Stlth  ..........               T - ring "Neegeblu" {rN+ Str+4 Dex+4}
                                A - ring of protection from fire

@: about to teleport, heroism, corroded, flying, very resistant to hostile
enchantments, extremely unstealthy
A: big wings, blurry vision 1, clumsy 2, negative energy resistance 1,
electricity resistance, slow regeneration 1, unbreathing, petrification
resistance, rot immunity, AC +17
a: Stop Flying, Heroism, Finesse, Renounce Religion
}: 2/15 runes: decaying, serpentine


You were on level 3 of the Depths.
You worshipped Okawaru.
Okawaru was exalted by your worship.
You were not hungry.

You visited 8 branches of the dungeon, and saw 41 of its levels.
You visited the Abyss 1 time.

You collected 5117 gold pieces.
You spent 2238 gold pieces at shops.

Inventory:

Hand Weapons
 w - the +7 quarterstaff of Blood-Lust {crush, rPois}
   (You took it off a deep elf demonologist on level 3 of the Elven Halls)

   It inflicts extra damage upon your enemies.
   It protects you from poison.
 P - the +11 lajatang of Gafyxex (weapon) {freeze, Dex+2}
   (Okawaru gifted it to you on level 1 of the Swamp)

   It has been specially enchanted to freeze those struck by it, causing extra
   injury to most foes and up to half again as much damage against particularly
   susceptible opponents.
   It can also slow down cold-blooded creatures.
   It affects your dexterity (+2).
Armour
 j - a +2 plate armour of fire resistance (worn)
 o - the +0 cloak of the Merchant {rPois rC+}
   (Okawaru gifted it to you on level 2 of the Depths)

   It protects you from cold.
   It protects you from poison.
 p - a +2 pair of gloves of strength (worn)
 s - a +2 helmet of intelligence (worn)
 u - the +5 scale mail of the Kangaroo {SInv}
   (Okawaru gifted it to you on level 14 of the Dungeon)

   It lets you see invisible.
 N - a +1 plate armour of cold resistance
 O - a +2 plate armour of magic resistance
 W - a +2 cloak of magic resistance (worn)
Jewellery
 q - an amulet of faith (around neck)
 A - a ring of protection from fire (left hand)
 Q - a +6 amulet of reflection {unknown}
 T - the ring "Neegeblu" (right hand) {rN+ Str+4 Dex+4}
   (You took it off a deep elf death mage on level 3 of the Elven Halls)

   [ring of dexterity]

   It affects your strength (+4).
   It affects your dexterity (+4).
   It protects you from negative energy.
 V - an uncursed ring of protection from cold
Wands
 z - a wand of flame (32/48)
Scrolls
 b - 17 scrolls of identify
 c - 3 scrolls of teleportation
 e - 6 scrolls of enchant armour
 h - 14 scrolls of remove curse
 k - 6 scrolls of amnesia
 r - 2 scrolls of enchant weapon
 v - 2 scrolls of fear
 x - 4 scrolls of magic mapping
 D - a scroll of holy word
 E - 3 scrolls of recharging
 H - a scroll of brand weapon {unknown}
 M - 4 scrolls of fog
 U - 2 scrolls of blinking
Potions
 a - 9 potions of curing
 d - 8 potions of flight
 i - 5 potions of berserk rage
 l - 5 potions of agility
 t - 4 potions of brilliance
 B - 5 potions of haste
 G - 2 potions of cancellation
 I - a potion of invisibility
 J - 5 potions of might
 K - 4 potions of resistance
 L - a potion of cure mutation
 R - 2 potions of magic
Miscellaneous
 g - a fan of gales
 m - a stone of tremors
 n - a box of beasts
 y - a phial of floods
 Z - a disc of storms
Comestibles
 f - 26 bread rations
 F - 4 meat rations
 S - a beef jerky


   Skills:
 - Level 21.0(26.0) Fighting
 - Level 19.0(24.0) Staves
 - Level 1.7(6.7) Throwing
 - Level 22.2(27) Armour
 + Level 11.5(16.5) Dodging
 - Level 7.3 Invocations
 - Level 15.3 Evocations


You had 22 spell levels left.
You didn't know any spells.

Dungeon Overview and Level Annotations

Branches:
Dungeon (15/15)            Temple (0/1) D:4            Lair (6/8) D:10
  Swamp (4/4) Lair:3        Snake (4/4) Lair:4        Slime (0/6) Lair:6
    Orc (2/2) D:9             Elf (3/3) Orc:2        Vaults (4/5) D:13
  Crypt (0/3) Vaults:2     Depths (3/5) D:15

Altars:
Ashenzari
Dithmenos
Fedhas
Kikubaaqudgha
Makhleb
Okawaru
Pakellas
Sif Muna
Vehumet
Xom
Yredelemnul
Zin
Beogh
Jiyva

Shops:
D:11 :   D:14 %   Orc:1 }   Orc:2 :*[(   Vaults:1 ?%[   Vaults:2 *   Depths:1 :

Portals:
Hell: Depths:1 Depths:2 Depths:3
Abyss: Depths:1 Depths:2
Pandemonium: Depths:1
Trove: Vaults:2 (give horn of Geryon)

Annotations:
Swamp:3 Lernaean hydra
Swamp:4 Mara
Snake:1 exclusion: 2 oklob plants
Orc:1 exclusion: oklob plant
Elf:3 exclusion: orange crystal statue
Vaults:3 exclusion: obsidian statue


Innate Abilities, Weirdness & Mutations

You are resistant to torment.
Your stone body is resilient (AC +17).
You are immune to poison.
Your large and strong wings let you fly indefinitely.
You resist negative energy.
You are resistant to electric shocks.
You can survive without breathing.
You are immune to petrification.
You are immune to rotting.
Scrolls take you a little longer to read.
You are very clumsy. (Dex -4)
You regenerate slowly when monsters are visible.


Message History

You resist with almost no effort.
The deep troll earth mage barely misses you.
The deep troll earth mage claws you but does no damage. x2
Read which item? (? for menu, Esc to quit)
Really read with blurry vision while enemies are nearby? [Y]es or [N]o only, please.
Really read with blurry vision while enemies are nearby? [Y]es or [N]o only, please.
Really read with blurry vision while enemies are nearby?
You are engulfed in freezing vapours.
* * * LOW HITPOINT WARNING * * *
The tengu reaver closely misses you.
The tengu reaver pecks you but does no damage.
The tengu reaver barely misses you. The ettin closely misses you. x2
You begin reading the scroll.
You continue reading the scroll.
You are engulfed in freezing vapours.
The ogre mage hits you but does no damage.
The deep troll earth mage bites you but does no damage.
The deep troll earth mage claws you.
You die...

##...##
##.###########..........
###..## #.##.#..##
............ ###.#
#........# ......######
### ###..#...##......#
#..##...#.#.#+#
#..........(..
#..≈T2≈)#.# #..C≈§T).?#
##*.§@Q{.#.+ #...≈TGT.#
# ####.O.....#
##.##...#.###
###.......!..
##......#..#+##
#.....).#[# #.........
#..#..≈T#


You could see a tengu reaver, a reaper, an ettin, a giant orange brain, an ogre
mage, 3 deep trolls, a deep troll earth mage and a battlesphere.

Vanquished Creatures
  Nikola (Elf:2)
  Asterion (Elf:3)
  2 liches
  2 deep elf master archers (Elf:3)
  3 deep elf blademasters
  A sphinx (Vaults:2)
  The ghost of Laan the Executioner, an adept MiBe of Trog (Orc:2)
  A thorn hunter (Swamp:3)
  A storm dragon (Vaults:4)
  Roxanne (Snake:4)
  10 greater nagas
  An orc warlord (Orc:2)
  A tengu reaver (Vaults:4)
  5 fire giants
  Louise (Swamp:1)
  3 frost giants
  The ghost of Xpym the Nimble, a journeyman MfIE of Vehumet (Depths:2)
  5 deep elf sorcerers (Elf:3)
  The ghost of Ylmarch the Black Belt, an adept TeMo of Pakellas (Orc:2)
  9 vault wardens
  4 deep elf elementalists
  The ghost of kuniqs the Thaumaturge, a journeyman DrIE of Sif Muna (D:15)
  14 ironheart preservers
  7 very ugly things
  7 stone giants
  3 vampire knights
  2 salamander stormcallers
  The ghost of Etesian the Grappler, a journeyman TrFi of Elyvilon (Lair:5)
  6 deep elf demonologists
  A lorocyproca (Abyss:3)
  5 spark wasps
  Azrael (Elf:2)
  7 deep elf death magi (Elf:3)
  10 deep elf annihilators
  A green death (Abyss:3)
  Josephine (Swamp:1)
  6 ettins
  15 vault guards
  A minotaur (shapeshifter) (Vaults:2)
  7 fire dragons
  An entropy weaver (shapeshifter) (Lair:4)
  4 great orbs of eyes
  A merfolk impaler (Depths:1)
  3 deep elf high priests
  5 yaktaur captains
  An entropy weaver (D:15)
  A catoblepas (shapeshifter) (Depths:1)
  12 naga warriors
  16 hydras
  16 anacondas
  3 rakshasas
  A ghost crab (Swamp:4)
  2 spriggan air magi
  8 ice dragons
  6 alligators
  8 centaur warriors
  29 dancing weapons
  5 death yaks (Lair:4)
  5 death knights
  9 deep troll shamans
  10 deep troll earth magi
  4 hell hogs (Abyss:3)
  7 tengu warriors
  2 vampire magi (Depths:2)
  2 thrashing horrors (Abyss:3)
  5 shock serpents
  4 spriggan berserkers
  17 naga sharpshooters
  8 ogre magi
  Sonja (D:14)
  5 hell knights (Depths:2)
  5 orc high priests
  Urug (D:12)
  2 iron trolls (Depths:1)
  23 deep elf knights
  A fire crab (Vaults:4)
  2 wretched stars (Abyss:3)
  3 salamander mystics
  A shadow demon (Depths:1)
  9 skeletal warriors
  2 shambling mangroves
  3 spriggan druids
  2 wizards
  7 unseen horrors
  19 deep trolls
  6 phantasmal warriors
  15 swamp dragons
  12 naga ritualists
  3 harpies
  16 orc knights
  12 deep elf archers
  A flayed ghost (Vaults:1)
  11 ironbrand convokers
  10 hill giants
  4 giant orange brains
  66 deep elf magi
  2 wolf spider zombies
  13 mana vipers
  2 orb spiders
  A shining eye (shapeshifter) (Depths:1)
  10 orc sorcerers
  4 necromancers
  7 griffons
  3 hornets
  48 ugly things
  3 large abominations (Abyss:3)
  3 wolf spiders
  11 salamanders
  4 elephants (Lair:2)
  2 cyclopes
  A cyclops (shapeshifter) (Elf:3)
  37 black mambas
  5 guardian serpents
  2 sixfirhies (Depths:1)
  27 naga magi
  4 manticores
  13 vault sentinels
  4 centaur zombies
  A guardian serpent (shapeshifter) (Elf:3)
  3 gargoyles
  Psyche (D:8)
  16 spiny frogs
  2 kobold demonologists (Vaults:3)
  An orange demon (Depths:1)
  18 yaktaurs
  A yaktaur (shapeshifter) (Depths:1)
  3 komodo dragons (shapeshifter)
  5 komodo dragons
  9 freezing wraiths
  An ancient zyme (Abyss:3)
  A tengu conjurer (Depths:2)
  6 giant leeches
  A polar bear (Lair:6)
  13 trolls
  Grinder (D:3)
  12 two-headed ogres
  Prince Ribbit (D:9)
  12 blink frogs
  5 bog bodies
  36 slime creatures
  2 stone giant simulacra
  4 boulder beetles
  A raiju (Abyss:3)
  2 shadows
  7 air elementals
  A tarantella (D:15)
  2 redbacks
  2 spriggans
  A ynoxinul (Depths:1)
  39 yaks
  A wyvern (D:9)
  3 starcursed masses (Abyss:3)
  A vampire (D:12)
  9 water elementals
  7 wraiths
  5 fire elementals
  A yak (shapeshifter) (D:15)
  8 hippogriffs
  2 basilisks
  A hog (shapeshifter) (Vaults:1)
  A basilisk (shapeshifter) (D:15)
  30 vampire mosquitoes
  6 wargs
  A neqoxec (Abyss:3)
  2 hungry ghosts
  6 small abominations (Abyss:3)
  3 mottled dragons
  6 insubstantial wisps
  54 nagas
  22 swamp worms
  5 hell hounds (Elf:2)
  7 water moccasins
  9 porcupines
  42 orc warriors
  4 wasps
  8 swamp drakes
  2 eyes of draining
  A black bear (shapeshifter) (Depths:1)
  4 black bears
  A necrophage (D:10)
  4 phantoms
  9 ice beasts
  2 sky beasts
  A wasp (shapeshifter) (D:10)
  6 boggarts
  38 ogres
  15 centaurs
  2 wolves (Lair:3)
  A centaur (shapeshifter) (Depths:2)
  12 crocodiles
  4 big kobolds
  18 giant frogs
  An earth elemental (Elf:3)
  A wyvern skeleton (D:12)
  6 scorpions
  9 killer bees
  5 wights (D:11)
  4 electric eels
  10 howler monkeys
  16 crimson imps
  2 giant frog zombies
  3 quasits
  Crazy Yiuf (D:2)
  4 jellies
  3 giant frog skeletons
  6 hounds
  28 orc priests
  8 centaur skeletons
  3 iron imps
  Terence (D:2)
  31 orc wizards
  13 iguanas
  A hell rat (shapeshifter) (Lair:3)
  8 worker ants
  A hell rat (Lair:3)
  A killer bee zombie (D:11)
  42 sheep
  2 howler monkey zombies (D:6)
  2 worker ant zombies
  8 gnolls
  31 river rats
  17 adders
  5 shadow imps
  A white imp (Depths:1)
  2 ufetubi (Depths:1)
  An adder skeleton (D:7)
  2 adder zombies
  4 worms
  2 dart slugs (D:1)
  9 giant geckos
  158 orcs
  A giant cockroach (D:3)
  18 goblins
  A hobgoblin (shapeshifter) (D:6)
  17 hobgoblins
  13 jackals
  7 quokkas
  3 ball pythons
  2 bats (D:2)
  2 giant gecko skeletons
  4 giant newts
  A jackal skeleton (D:7)
  14 kobolds
  2 quokka zombies
  10 rats
  A butterfly (D:6)
1916 creatures vanquished.

Vanquished Creatures (others)
  Donald (Swamp:1)
  A deep elf elementalist (Elf:3)
  2 hell hogs
  A deep elf knight (Elf:3)
  A deep elf mage (Elf:2)
  A slime creature (Depths:2)
  A warg (D:10)
  An eye of draining (Abyss:3)
  2 boggarts (Depths:2)
  An ogre (Vaults:1)
  An orc wizard (Orc:2)
  6 fungi
  A plant (Lair:1)
20 creatures vanquished.

Grand Total: 1936 creatures vanquished

Notes
Turn   | Place    | Note
--------------------------------------------------------------
     0 | D:1      | Kenran the Gargoyle Gladiator began the quest for the Orb.
     0 | D:1      | Reached XP level 1. HP: 12/12 MP: 1/1
   275 | D:1      | You fall through a shaft!
   283 | D:2      | Reached XP level 2. HP: 16/17 MP: 2/2
   395 | D:2      | Noticed Terence
   475 | D:1      | Reached XP level 3. HP: 7/21 MP: 3/3
  1523 | D:2      | Noticed Crazy Yiuf
  1548 | D:2      | Killed Crazy Yiuf
  1548 | D:2      | Reached skill level 5 in Staves
  1548 | D:2      | Reached XP level 4. HP: 6/26 MP: 4/4
  1838 | D:2      | Killed Terence
  1838 | D:2      | Reached XP level 5. HP: 30/30 MP: 5/5
  2476 | D:3      | Found a radiant altar of Vehumet.
  2477 | D:3      | Found a burning altar of Makhleb.
  2503 | D:3      | Noticed Grinder
  2834 | D:3      | Found a shadowy altar of Dithmenos.
  3471 | D:4      | Found a blossoming altar of Fedhas.
  3477 | D:4      | Reached XP level 6. HP: 29/35 MP: 6/6
  3612 | D:5      | Entered Level 5 of the Dungeon
  3730 | D:5      | Found an iron altar of Okawaru.
  3736 | D:5      | Became a worshipper of Warmaster Okawaru
  3763 | D:5      | Reached XP level 7. HP: 17/40 MP: 7/7
  3901 | D:5      | Reached * piety under Okawaru
  3918 | D:5      | Found a shimmering altar of Xom.
  4318 | D:4      | Got a brightly glowing ring mail
  4329 | D:4      | Identified the +5 ring mail of Intuition {*Corrode Str+8 Dex-2 Stlth+} (You found it on level 4 of the Dungeon)
  4558 | D:4      | Found a staircase to the Ecumenical Temple.
  4608 | D:4      | Reached skill level 5 in Fighting
  4613 | D:4      | Reached XP level 8. HP: 44/50 MP: 8/8
  4826 | D:3      | Paralysed by Grinder for 3 turns
  4842 | D:3      | Killed Grinder
  4860 | D:3      | Reached ** piety under Okawaru
  5178 | D:6      | Reached skill level 1 in Armour
  5376 | D:6      | Reached XP level 9. HP: 60/60 MP: 9/9
  5470 | D:6      | Found an oddly glowing altar of Pakellas.
  5484 | D:6      | Reached skill level 2 in Armour
  5717 | D:7      | Got an encrusted plate armour
  5733 | D:7      | Identified the cursed +0 plate armour of Fedhas's Regard {Regen+} (You found it on level 7 of the Dungeon)
  5775 | D:7      | Reached *** piety under Okawaru
  5818 | D:7      | Got an ancient whip {slash}
  5827 | D:7      | Identified the cursed +1 whip of Qazlal's Supremacy {slash, rPois MR+ Dex-3} (You took it off a hobgoblin on level 7 of the Dungeon)
  5861 | D:7      | Found a basalt altar of Yredelemnul.
  5862 | D:7      | Found a deep blue altar of Sif Muna.
  5875 | D:7      | Reached skill level 3 in Armour
  6083 | D:7      | Reached **** piety under Okawaru
  6083 | D:7      | Reached skill level 10 in Staves
  6083 | D:7      | Reached skill level 4 in Armour
  6131 | D:7      | Got a twisted whip
  6132 | D:7      | Identified the +1 whip of Ruination {speed, rPois Int+7} (You found it on level 7 of the Dungeon)
  6282 | D:7      | Found an oddly glowing altar of Pakellas.
  6710 | D:8      | Noticed Psyche
  6717 | D:8      | Killed Psyche
  6717 | D:8      | Reached skill level 5 in Armour
  6942 | D:8      | Reached ***** piety under Okawaru
  6988 | D:8      | Reached skill level 6 in Armour
  7004 | D:8      | Reached XP level 10. HP: 43/65 MP: 10/10
  7228 | D:8      | Reached skill level 1 in Invocations
  7551 | D:9      | Received a gift from Okawaru
  7659 | D:9      | Found a glowing silver altar of Zin.
  7802 | D:9      | Noticed Prince Ribbit
  7824 | D:9      | Killed Prince Ribbit
  7824 | D:9      | Reached skill level 10 in Fighting
  7940 | D:9      | Found a staircase to the Orcish Mines.
  8541 | D:10     | Entered Level 10 of the Dungeon
  8560 | D:10     | Received a gift from Okawaru
  8591 | D:10     | Noticed a griffon
  8632 | D:9      | Killed a griffon
  8632 | D:9      | Reached skill level 7 in Armour
  8688 | D:10     | Reached XP level 11. HP: 72/72 MP: 14/14
  8713 | D:10     | Reached ****** piety under Okawaru
  9272 | D:10     | Reached skill level 8 in Armour
  9450 | D:10     | Found a staircase to the Lair.
  9973 | Lair:1   | Entered Level 1 of the Lair of Beasts
 10208 | Lair:1   | Noticed a six-headed hydra
 10649 | Lair:2   | Received a gift from Okawaru
 10895 | Lair:2   | Noticed a six-headed hydra
 10910 | Lair:2   | Killed a six-headed hydra
 10911 | Lair:2   | Reached XP level 12. HP: 37/77 MP: 15/15
 11817 | Lair:1   | Killed a six-headed hydra
 11817 | Lair:1   | Reached skill level 15 in Staves
 11920 | Lair:1   | Received a gift from Okawaru
 12313 | Lair:3   | Found a staircase to the Swamp.
 12860 | Lair:3   | Noticed a four-headed hydra
 13194 | Lair:4   | Killed a four-headed hydra
 13194 | Lair:4   | Reached skill level 5 in Invocations
 13262 | Lair:4   | Found a staircase to the Snake Pit.
 13731 | Lair:4   | Reached skill level 9 in Armour
 14285 | Lair:4   | Noticed a death yak
 14316 | Lair:4   | Killed a death yak
 14323 | Lair:4   | Noticed a death yak
 14347 | Lair:4   | Noticed an entropy weaver
 14347 | Lair:4   | a death yak changed into an entropy weaver
 14359 | Lair:4   | Killed an entropy weaver
 14359 | Lair:4   | Reached skill level 10 in Armour
 14359 | Lair:4   | Reached XP level 13. HP: 54/84 MP: 16/16
 14938 | Lair:4   | Received a gift from Okawaru
 15916 | Lair:5   | Noticed Etesian's ghost (journeyman TrFi)
 15974 | Lair:5   | Killed Etesian's ghost
 15974 | Lair:5   | Received a gift from Okawaru
 15977 | Lair:5   | Got a slimy scale mail {god gift}
 16216 | Lair:5   | Identified the +1 scale mail "Disah" {rElec Dex+4} (Okawaru gifted it to you on level 5 of the Lair of Beasts)
 16989 | Orc:1    | Entered Level 1 of the Orcish Mines
 17394 | Orc:1    | Found Irrunilo's Gadget Shop.
 17459 | Orc:1    | Paralysed by an orc sorcerer for 7 turns
 18121 | Orc:2    | Entered Level 2 of the Orcish Mines
 18121 | Orc:2    | Noticed Ylmarch's ghost (adept TeMo)
 18733 | Orc:2    | Noticed Laan's ghost (adept MiBe)
 20050 | Orc:2    | Found a roughly hewn altar of Beogh.
 20764 | D:11     | Found Omyfroc's Book Emporium.
 20914 | D:11     | Reached skill level 15 in Fighting
 21431 | D:11     | Received a gift from Okawaru
 21451 | D:11     | Gained mutation: Your large and strong wings let you fly indefinitely. [Gargoyle growth]
 21451 | D:11     | Reached XP level 14. HP: 98/98 MP: 17/17
 21597 | D:12     | Noticed Urug
 21619 | D:12     | Killed Urug
 22601 | D:11     | Received a gift from Okawaru
 24444 | D:13     | Reached skill level 11 in Armour
 24716 | D:13     | Reached skill level 12 in Armour
 25003 | D:13     | Found a gate to the Vaults.
 25340 | D:13     | Received a gift from Okawaru
 25729 | D:14     | Noticed Sonja
 25742 | D:14     | Killed Sonja
 25742 | D:14     | Reached skill level 13 in Armour
 25937 | D:14     | Found Jam Fuz's Food Boutique.
 25943 | D:14     | Bought a bread ration for 55 gold pieces
 25943 | D:14     | Bought a bread ration for 55 gold pieces
 25943 | D:14     | Bought a meat ration for 55 gold pieces
 26603 | D:14     | Reached XP level 15. HP: 104/104 MP: 16/20
 26964 | D:15     | Entered Level 15 of the Dungeon
 26973 | D:15     | Reached skill level 14 in Armour
 27646 | D:14     | Received a gift from Okawaru
 27649 | D:14     | Got a transparent scale mail {god gift}
 27660 | D:14     | Identified the +5 scale mail of the Kangaroo {SInv} (Okawaru gifted it to you on level 14 of the Dungeon)
 28383 | D:15     | Reached skill level 15 in Armour
 28848 | D:15     | Noticed kuniqs's ghost (journeyman DrIE)
 29119 | D:15     | Killed kuniqs's ghost
 29861 | Orc:2    | Killed Laan's ghost
 30214 | Orc:2    | Found a staircase to the Elven Halls.
 31612 | Orc:2    | Killed Ylmarch's ghost
 32157 | Orc:2    | Received a gift from Okawaru
 32216 | Orc:2    | Noticed an orc warlord
 32239 | Orc:2    | Killed an orc warlord
 32757 | Orc:2    | Found Dapejar's General Store.
 32758 | Orc:2    | Found Qateg's Book Shop.
 32760 | Orc:2    | Found Ithiw's Antique Armour Boutique.
 32760 | Orc:2    | Found Roskis's Antique Weapon Boutique.
 32775 | Orc:2    | Bought a scroll of enchant armour for 112 gold pieces
 33421 | Lair:6   | Found a viscous altar of Jiyva.
 33422 | Lair:6   | Found a staircase to the Slime Pits.
 33434 | Lair:6   | Received a gift from Okawaru
 34693 | Snake:1  | Entered Level 1 of the Snake Pit
 34862 | Snake:1  | Reached XP level 16. HP: 91/114 MP: 21/21
 36321 | Snake:2  | Received a gift from Okawaru
 37480 | Snake:3  | Noticed a greater naga
 37492 | Snake:3  | Killed a greater naga
 38167 | Snake:3  | Received a gift from Okawaru
 38177 | Snake:3  | HP: 4/114 [salamander/glaive (15)]
 39087 | Snake:3  | Received a gift from Okawaru
 39336 | Snake:4  | Entered Level 4 of the Snake Pit
 39373 | Snake:4  | Reached XP level 17. HP: 114/120 MP: 22/22
 39984 | Snake:4  | Noticed Roxanne
 40151 | Snake:4  | Killed Roxanne
 40870 | Snake:4  | Received a gift from Okawaru
 40892 | Snake:4  | Reached skill level 16 in Armour
 40983 | Snake:4  | Got an ebony lajatang {god gift}
 40984 | Snake:4  | Identified the +3 lajatang of Dismay {freeze, *Drain +Fly rPois rF+ MP+9} (Okawaru gifted it to you on level 4 of the Snake Pit)
 41623 | Snake:3  | Received a gift from Okawaru
 41741 | Snake:4  | Reached skill level 17 in Armour
 42002 | Snake:4  | Received a gift from Okawaru
 42599 | Snake:3  | Reached XP level 18. HP: 106/125 MP: 23/23
 43208 | Snake:4  | Reached skill level 18 in Armour
 43464 | Snake:4  | Got a serpentine rune of Zot
 43758 | Swamp:1  | Entered Level 1 of the Swamp
 43888 | Swamp:1  | Noticed Donald
 43889 | Swamp:1  | Noticed Louise
 43912 | Swamp:1  | Killed Donald
 43924 | Swamp:1  | Killed Louise
 44041 | Swamp:1  | Noticed Josephine
 44050 | Swamp:1  | Killed Josephine
 44409 | Swamp:1  | Received a gift from Okawaru
 44412 | Swamp:1  | Got a translucent lajatang {god gift}
 44419 | Swamp:1  | Identified the +11 lajatang of Gafyxex {freeze, Dex+2} (Okawaru gifted it to you on level 1 of the Swamp)
 45005 | Orc:2    | Bought a runed dire flail for 124 gold pieces
 46498 | Swamp:3  | Received a gift from Okawaru
 47048 | Swamp:4  | Entered Level 4 of the Swamp
 47141 | Swamp:3  | Reached skill level 5 in Dodging
 48318 | Swamp:4  | Received a gift from Okawaru
 48438 | Swamp:4  | Noticed the 27-headed Lernaean hydra
 48464 | Swamp:4  | Noticed Mara
 49096 | Swamp:4  | Got a decaying rune of Zot
 49521 | D:15     | Found a staircase to the Depths.
 49839 | D:15     | Received a gift from Okawaru
 49839 | D:15     | Reached XP level 19. HP: 131/132 MP: 24/24
 50194 | Depths:1 | Entered Level 1 of the Depths
 50315 | D:15     | Received a gift from Okawaru
 50420 | D:15     | Reached skill level 19 in Armour
 50964 | Depths:1 | Found Mommuinna's Book Emporium.
 50980 | Depths:1 | Found a one-way gate to the infinite horrors of the Abyss.
 51410 | Depths:1 | Paralysed by a vampire knight for 6 turns
 51551 | Depths:1 | Received a gift from Okawaru
 51554 | Depths:1 | Got a crystal glaive {god gift}
 52195 | Depths:1 | Found a one-way gate leading to the halls of Pandemonium.
 52560 | Depths:1 | Got a heavily runed ring mail
 52789 | Depths:1 | Found a gateway to Hell.
 52894 | Depths:1 | Received a gift from Okawaru
 52981 | D:15     | Identified the +10 glaive "Nil Sere" {chop, Dex+3 Stlth+} (Okawaru gifted it to you on level 1 of the Depths)
 52991 | D:15     | Identified the +4 ring mail of Inerph {+Fly MR+ Regen+} (You found it on level 1 of the Depths)
 53287 | Depths:1 | Gained mutation: You are clumsy. (Dex -2) [a shining eye]
 53288 | Depths:1 | Gained mutation: Scrolls take you a little longer to read. [a shining eye]
 53291 | Depths:1 | Gained mutation: You regenerate slowly when monsters are visible. [a shining eye]
 53295 | Depths:1 | Gained mutation: You are very clumsy. (Dex -4) [a shining eye]
 53475 | Orc:1    | Reached skill level 1 in Evocations
 53491 | Orc:1    | Bought a box of beasts for 300 gold pieces
 53491 | Orc:1    | Bought a phial of floods for 600 gold pieces
 53502 | Orc:1    | Bought a fan of gales for 600 gold pieces
 53549 | Elf:1    | Entered Level 1 of the Elven Halls
 53980 | Elf:1    | Received a gift from Okawaru
 54684 | Elf:2    | Noticed Nikola
 54697 | Elf:2    | Reached skill level 5 in Evocations
 54715 | Elf:2    | Killed Nikola
 54719 | Elf:2    | Noticed Azrael
 54760 | Elf:2    | Reached XP level 20. HP: 142/142 MP: 25/25
 54769 | Elf:2    | Killed Azrael
 54804 | Elf:2    | Got a scorched helmet
 54816 | Elf:2    | Identified the cursed -4 helmet of the Cuttlefish {rElec} (You found it on level 2 of the Elven Halls)
 55195 | Elf:2    | Found a huge runed gate.
 55195 | Elf:2    | Found a huge runed gate.
 55195 | Elf:2    | Found a huge runed gate.
 55195 | Elf:2    | Found a huge runed gate.
 55201 | Elf:2    | Found a huge runed gate.
 55229 | Elf:2    | Found a radiant altar of Vehumet.
 56217 | Elf:2    | Received a gift from Okawaru
 56591 | Elf:3    | Entered Level 3 of the Elven Halls
 56914 | Elf:3    | Reached skill level 10 in Evocations
 57591 | Elf:3    | Noticed Asterion
 57609 | Elf:3    | Killed Asterion
 58339 | Elf:3    | Got a scintillating lapis lazuli ring
 58411 | Elf:3    | Received a gift from Okawaru
 58411 | Elf:3    | Cast into level 3 of the Abyss (a deep elf demonologist)
 59106 | Elf:3    | Escaped the Abyss
 59112 | Elf:3    | Reached XP level 21. HP: 93/147 MP: 28/30
 59568 | Elf:3    | Got a sapphire quarterstaff {crush}
 59997 | Elf:3    | Received a gift from Okawaru
 60044 | Elf:3    | Noticed a Tzitzimitl
 61227 | Elf:3    | Identified the +7 quarterstaff of Blood-Lust {crush, rPois} (You took it off a deep elf demonologist on level 3 of the Elven Halls)
 61255 | Elf:3    | Identified the Disquisition on Earthen Augmentations (You found it on level 3 of the Elven Halls)
 61366 | Elf:3    | Received a gift from Okawaru
 61378 | Elf:3    | Got a jewelled quarterstaff {god gift}
 61379 | Elf:3    | Identified the +4 quarterstaff "Concordance" {crush, *Rage rPois rN++} (Okawaru gifted it to you on level 3 of the Elven Halls)
 61572 | Vaults:1 | Entered Level 1 of the Vaults
 62088 | Vaults:1 | Found Zibiheto's Food Boutique.
 62093 | Vaults:1 | Bought a bread ration for 55 gold pieces
 62093 | Vaults:1 | Bought a bread ration for 55 gold pieces
 62093 | Vaults:1 | Bought a bread ration for 55 gold pieces
 62367 | Vaults:1 | Found Rut Icha's Distillery.
 62411 | Vaults:1 | Reached skill level 15 in Evocations
 62454 | Vaults:1 | Found Ahoacay's Armour Boutique.
 62564 | Vaults:1 | Received a gift from Okawaru
 62858 | Vaults:1 | Found Xouvoab's Magic Scroll Shop.
 62861 | Vaults:1 | Bought a scroll of identify for 28 gold pieces
 62861 | Vaults:1 | Bought a scroll of magic mapping for 49 gold pieces
 62861 | Vaults:1 | Bought a scroll of identify for 28 gold pieces
 62861 | Vaults:1 | Bought a scroll of identify for 28 gold pieces
 63683 | Vaults:2 | Found Iphaschi's General Store.
 63691 | Vaults:2 | Bought a scroll of teleportation for 39 gold pieces
 63826 | Vaults:2 | Found a staircase to the Crypt.
 63826 | Vaults:2 | Found a basalt altar of Yredelemnul.
 63827 | Vaults:2 | Found an ancient bone altar of Kikubaaqudgha.
 63874 | Vaults:2 | Found a portal to a secret trove of treasure.
 63932 | Vaults:2 | Reached XP level 22. HP: 131/155 MP: 33/33
 64508 | Vaults:2 | Received a gift from Okawaru
 64516 | Vaults:2 | Got a twisted quarterstaff {god gift}
 64517 | Vaults:2 | Identified the +4 quarterstaff "Taph" {elec, rPois} (Okawaru gifted it to you on level 2 of the Vaults)
 64862 | Vaults:3 | Reached skill level 20 in Armour
 65287 | Vaults:3 | Received a gift from Okawaru
 66762 | Vaults:4 | Reached skill level 21 in Armour
 67600 | Vaults:4 | Received a gift from Okawaru
 68644 | Vaults:4 | Reached skill level 22 in Armour
 69370 | Depths:2 | Reached XP level 23. HP: 133/160 MP: 34/34
 69810 | Depths:2 | Found a shattered altar of Ashenzari.
 69814 | Depths:2 | Received a gift from Okawaru
 70156 | Depths:2 | Identified the ring "Neegeblu" {rN+ Str+4 Dex+4} (You took it off a deep elf death mage on level 3 of the Elven Halls)
 70247 | Depths:2 | Noticed Xpym's ghost (journeyman MfIE)
 70262 | Depths:2 | Killed Xpym's ghost
 71058 | Depths:2 | Reached skill level 10 in Dodging
 71615 | Depths:2 | Received a gift from Okawaru
 71618 | Depths:2 | Got a twisted cloak {god gift}
 71629 | Depths:2 | Identified the +0 cloak of the Merchant {rPois rC+} (Okawaru gifted it to you on level 2 of the Depths)
 72484 | Depths:3 | HP: 3/160 [acid (8)]
 72488 | Depths:3 | Slain by a deep troll earth mage

Vault maps used:
D:1:      dpeg_arrival_brainrot, serial_bayou_pond_e
D:2:      uniq_crazy_yiuf_cottage, uniq_terence
D:3:      grunt_temple_overflow_lords_of_destruction,
          nicolae_dithmenos_shadow_blocks, uniq_grinder
D:4:      lemuel_crystal_altar, minmay_temple_entry_fiery, item_on_display_a
D:5:      xom_butterflies, overflow_temple_1_default, first_bread
D:6:      kennysheep_mini
D:7:      corexii_shantytown, gammafunk_temple_overflow_statue,
          grunt_pakellas_salt
D:8:      uniq_psyche
D:9:      zin_statuary, hiddenorc2_lemuel, uniq_prince_ribbit1
D:10:     hangedman_cross_stitches, erik_lair_orcish_takeover
D:11:     serial_shops, shop
D:12:     uniq_urug
D:13:     erik_vaults_2
D:14:     serial_shops, nicolae_shop_statue_plus, serial_glass, glass_columns_b,
          glass_columns_b, serial_park_tiny_1, uniq_sonja
D:15:     grunt_enter_depths_hoard, roderic_roman_lattice
Lair:3:   kennysheep_abandoned_house, minmay_swamp_entry_eels,
          beast_lair_carwin_10, bh_autumn_forest_stairs
Lair:4:   minmay_snake_entry_spellcaster, st_stairs_3
Lair:5:   beast_lair_carwin_9
Lair:6:   slime_altar_1
Swamp:1:  evilmike_swamp_ruin_rubble_1, uniq_josephine, uniq_louise, uniq_donald
Swamp:2:  evilmike_swamp_ruin_house_5
Swamp:3:  evilmike_swamp_ruin_house_4, statue_in_the_mist_lemuel,
          infiniplex_staircase_pool
Swamp:4:  swamp_old_school, hangedman_swamp_blocks, uniq_mara
Snake:1:  dpeg_oklob_gauntlet
Snake:4:  snake_pit, uniq_roxanne
Orc:1:    enter_bailey_3, serial_shops, shop, mines3_lemuel
Orc:2:    st_orc_congregation, basic_altar
Elf:1:    elf_arrival_002, hangedman_elf_represent
Elf:2:    basic_altar, stair_cage_open, elves_outpost_lemuel, uniq_nikola,
          uniq_azrael
Elf:3:    elf_hall, nicolae_elf_glass_and_crystal_pillar_2, minivault_16,
          uniq_asterion
Vaults:1: v_pattern_3, vaults_room_octagon, vaults_room_stairs_pillars,
          vaults_dpeg_cross, hangedman_vaults_stitches, v_misc_12,
          hangedman_vaults_maws, v_misc_12, nicolae_vaults_hallways_thing,
          nicolae_vaults_stairing_the_circle, serial_shops, shop_fountains,
          nicolae_shop_behind_doors, shop, shop
Vaults:2: ontoclasm_vaults_tryst, nicolae_vaults_sealed_display,
          vaults_dpeg_hooks, vaults_room_pool, vaults_room_boxed,
          vaults_room_door_ring, ontoclasm_vaults_shout,
          ontoclasm_vaults_gateway, minmay_crypt_entry_necro_gods, v_misc_18,
          ontoclasm_vaults_decontamination, ontoclasm_vaults_ring_square,
          ontoclasm_vaults_bender, v_pattern_1, enter_trove_0, serial_shops,
          shop
Vaults:3: vaults_dpeg_encased_lava, vaults_mumra_hexcomb, vaults_room_fours,
          vaults_mumra_hex, nicolae_vaults_statue_guard, ontoclasm_vaults_fault,
          vaults_room_pool, vaults_standard_mumra_x, serial_shops,
          bzr_entry_safe
Vaults:4: nicolae_vaults_arrows, hangedman_vaults_slither,
          vaults_room_ringed_pool, nicolae_vaults_fighting_squares,
          vaults_room_semicircle, nicolae_vaults_ninety_degrees,
          nicolae_vaults_rhombus_5, ontoclasm_vaults_misaligned, v_misc_9,
          nicolae_vaults_little_ls, nicolae_vaults_little_squares_3
Depths:1: serial_shops, nicolae_shop_statue_plus, grunt_hell_entry_dis_grunt,
          abyss_entry, grunt_pan_entry_in_and_out, st_stairs_9,
          kennysheep_cross_room
Depths:2: minmay_box_of_statues, abyss_entry_crystal, hell_entry,
          evilmike_ruin_ashenzari, minmay_misc_feat_enclosed
Depths:3: hangedman_box_tower, grunt_pan_entry_sceptre, grunt_decor_clamped,
          hangedman_geh_valley, grunt_decor_resistance,
          infiniplex_staircase_zigzag_5

Skill      XL: |  1  2  3  4  5  6  7  8  9 10 11 12 13 14 15 16 17 18 19 20 21 22 23 |
---------------+----------------------------------------------------------------------+-----
Staves         | 4 5 6 7 8 10 11 14 15 18 19 | 19.0
Fighting       | 5 8 10 11 15 16 18 19 20 21 | 21.0
Armour         | 1 6 7 8 10 13 15 17 18 19 22 | 22.2
Invocations    | 4 5 7 |  7.3
Dodging        | 6 11 | 11.5
Evocations     | 6 12 15 | 15.3
Throwing       | |  1.7

Action                   |  1- 3 |  4- 6 |  7- 9 | 10-12 | 13-15 | 16-18 | 19-21 | 22-24 || total
-------------------------+-------+-------+-------+-------+-------+-------+-------+-------++-------
Melee: Quarterstaff      |    81 |   145 |   419 |  1078 |   102 |       |       |       ||  1825
       Lajatang          |       |       |       |       |  1813 |  1595 |  1569 |  1123 ||  6100
       Dire flail        |       |       |       |       |       |    89 |       |       ||    89
Invok: Heroism           |       |       |       |     3 |    12 |     4 |    14 |    12 ||    45
       Finesse           |       |       |       |       |     4 |     2 |     1 |     2 ||     9
 Abil: Fly               |       |       |       |       |     1 |     2 |       |       ||     3
  Use: Scroll            |     7 |       |     8 |     7 |     8 |    19 |     8 |     8 ||    65
       Potion            |       |       |       |     1 |     1 |     5 |     8 |     1 ||    16
 Stab: Petrifying        |       |       |     1 |    12 |       |       |       |       ||    13
       Confused          |       |       |       |     6 |       |       |       |       ||     6
       Paralysed         |       |       |       |    15 |       |       |       |       ||    15
       Distracted        |       |       |       |       |       |       |       |     1 ||     1
  Eat: Chunk             |     2 |     7 |    11 |    10 |    26 |     5 |    21 |    16 ||    98
       Beef jerky        |       |       |     2 |     1 |     2 |     1 |     2 |     1 ||     9
       Royal jelly       |       |       |       |     1 |     2 |       |       |     1 ||     4
       Pizza             |       |       |       |     3 |     3 |       |     1 |       ||     7
       Fruit             |       |       |       |     8 |       |     6 |     8 |     2 ||    24
       Meat ration       |       |       |       |       |     7 |     7 |     3 |     2 ||    19
Armor: Leather armour    |    14 |       |       |       |       |       |       |       ||    14
       Ring mail         |     8 |    66 |    85 |       |       |       |       |       ||   159
       Plate armour      |       |       |   158 |   795 |  1281 |  1439 |   957 |   787 ||  5417
       Robe              |       |       |       |       |   239 |       |       |       ||   239
Dodge: Dodged            |    48 |    94 |   152 |   250 |   653 |   705 |   678 |   814 ||  3394
